 Dungeon Crawl Stone Soup version 0.29.1-1-gd02db6906a (webtiles) character file.

Game seed: 50778167832075870

109 Marcotte the Covered (level 5, -2/41 HPs)
             Began as a Human Fighter on Sept 16, 2022.
             Slain by a gnoll
             ... wielding a +0 halberd
              (10 damage)
             ... on level 2 of the Dungeon.
             The game lasted 00:05:24 (2345 turns).

Marcotte the Covered (Human Fighter)                Turns: 2345, Time: 00:05:24

Health: -2/41      AC:  6    Str: 18    XL:     5   Next: 13%
Magic:  5/5        EV:  9    Int:  9    God:
Gold:   87         SH:  4    Dex: 12    Spells: 4/4 levels left

rFire   . . .      SeeInvis .   a - +0 long sword
rCold   . . .      Faith    .   c - +0 buckler
rNeg    . . .      Spirit   .   b - +0 scale mail
rPois   .          Reflect  .   (no helmet)
rElec   .          Harm     .   (no cloak)
rCorr   .          Rampage  .   (no gloves)
Will    .....                   (no boots)
Stlth   ..........              (no amulet)
HPRegen 0.13/turn               (no ring)
MPRegen 0.09/turn               (no ring)

@: no status effects
A: no striking features
a: no special abilities


You were on level 2 of the Dungeon.
You visited 1 branch of the dungeon, and saw 2 of its levels.

You collected 87 gold pieces.

Inventory:

Hand Weapons
 a - a +0 long sword (weapon)
 d - a +0 dagger
Armour
 b - a +0 scale mail (worn)
 c - a +0 buckler (worn)
Magical Staves
 k - a staff of air
Scrolls
 f - a scroll of blinking {unknown}
 h - 2 scrolls of teleportation {unknown}
 j - a scroll of enchant armour {unknown}
 l - a scroll of silence {unknown}
Potions
 e - 3 potions of curing
 g - a potion of might
 i - a potion of attraction {unknown}


   Skills:
 + Level 3.5 Fighting
 + Level 3.1 Long Blades
 + Level 3.6 Armour
 + Level 1.2 Dodging
 + Level 3.4 Shields


You had 4 spell levels left.
You didn't know any spells.
Your spell library contained the following spells:

 Spells                   Type           Power      Damage    Failure   Level
 Foxfire                  Conj/Fire      0%         2x1d4     86%         1
 Freeze                   Ice            0%         1d3       86%         1
 Conjure Flame            Conj/Fire      0%         6-21      99%         3
 Frozen Ramparts          Ice            0%         1d1       99%         3
 Inner Flame              Hex/Fire       0%         N/A       99%         3
 Flame Wave               Conj/Fire      0%         2d4       100%        4
 Hailstorm                Conj/Ice       0%         3d3       100%        4


Dungeon Overview and Level Annotations

Branches:
Dungeon (2/15)

Altars:

Shops:
D:1 [   D:2 =:[


Message History

You now have 78 gold pieces (gained 7).
You now have 87 gold pieces (gained 9).
You open the door.
There is an open door here.
You see here a +0 ring mail of cold resistance.
Things that are here:
a +0 short sword; 2 stones
There is an open door here.
You see here a +0 flail.
You see here a +0 short sword.
Things that are here:
a +0 short sword; 5 stones
There is an open door here.
e - 3 potions of curing (gained 1)
There is an entrance to Gemuv's Book Boutique here.
You open the door.
There is an open door here.
Found a stone staircase leading up.
There is a stone staircase leading up here.
A gnoll comes into view. It is wielding a +0 flail.
The gnoll shouts!
You hear a shout! x2
A gnoll comes into view. It is wielding a +0 halberd.
You hear a shout!
There are monsters nearby!
You slash the gnoll!
The gnoll is severely wounded.
The gnoll barely misses you. The gnoll hits you with a +0 flail!
You barely miss the gnoll.
The gnoll is severely wounded.
The gnoll hits you with a +0 halberd! The gnoll hits you with a +0 flail.
A giant cockroach comes into view.
You hit the gnoll.
You kill the gnoll!
The gnoll hits you with a +0 halberd. The gnoll hits you with a +0 halberd!
* * * LOW HITPOINT WARNING * * *
The gnoll closely misses you.
Things that are here:
a +0 flail; a gnoll corpse The gnoll hits you with a +0 halberd!
You die...

###.####### #.# #.#
#.#### ###....# ##
.......# . ##.....# # .#
.......# #.#####.#
.##....#######Bg@)...#
..#....'....#####..#....#
###....####.#####..# ###
#....##.......<..#
#.################ #...#
###.#.###### #..∩.......#
#.#.#......#


You could see a gnoll and a giant cockroach.

Vanquished Creatures
  4 gnolls (D:2)
  An adder (D:2)
  A worm (D:2)
  A dart slug (D:1)
  6 ball pythons
  5 endoplasms
  3 giant cockroaches (D:1)
  4 hobgoblins
  4 jackals
  8 kobolds
  3 quokkas
  6 bats
  5 frilled lizards
  A goblin (D:1)
  4 rats
56 creatures vanquished.

Notes
Turn   | Place    | Note
-------+----------+-------------------------------------------
     0 | D:1      | Marcotte the Human Fighter began the quest for the Orb.
     0 | D:1      | Reached XP level 1. HP: 18/18 MP: 1/1
    49 | D:1      | Reached XP level 2. HP: 4/24 MP: 2/2
   526 | D:1      | Reached XP level 3. HP: 28/29 MP: 3/3
   597 | D:1      | Found Moalepp's Armour Shop.
  1146 | D:2      | Found Gemuv's Book Boutique.
  1175 | D:2      | Reached XP level 4. HP: 31/35 MP: 4/4
  1181 | D:2      | Reached skill level 1 in Dodging
  1227 | D:2      | Found Uhuc Uda's Armour Emporium.
  1362 | D:2      | Found a faded altar of an unknown god.
  1770 | D:2      | Reached XP level 5. HP: 28/41 MP: 5/5
  2163 | D:2      | Found Zakeso's Jewellery Emporium.
  2345 | D:2      | Slain by a gnoll

Illustrated notes

Levels and vault maps discovered:
D:1:      minmay_arrival_doors, layout_rooms, serial_shops, shop,
          minmay_pentomino_r4
D:2:      layout_basic, serial_shops, nicolae_shop_stone, nicolae_shop_crystal,
          shop, shop, hellmonk_ecumenical_altar_leap_of_faith

Skill      XL: |  1  2  3  4  5 |
---------------+----------------+-----
Dodging        | 1 |  1.2
Long Blades    | 3 |  3.1
Fighting       | |  3.5
Armour         | |  3.6
Shields        | |  3.4

Action                   |  1- 3 |  4- 6 || total
-------------------------+-------+-------++-------
Melee: Long sword        |    97 |    47 ||   144
  Use: Potion            |     1 |     2 ||     3
Armor: Scale mail        |    67 |    24 ||    91
Dodge: Dodged            |    85 |    34 ||   119
Block: Buckler           |    28 |    21 ||    49
